 Dungeon Crawl Stone Soup version 0.31.0-11-ge490571c62 (webtiles) character file.

Game seed: 3983996620242087552

49 Minsecho the Ducker (level 3, 0/19 HPs)
             Began as a Spriggan Monk on Feb 2, 2024.
             Slain by Natasha (8 damage)
             ... on level 3 of the Dungeon.
             The game lasted 00:03:32 (1763 turns).

Minsecho the Ducker (Spriggan Monk)                 Turns: 1763, Time: 00:03:33

Health: 0/19       AC:  2    Str:  9    XL:     3   Next: 51%
Magic:  4/4        EV: 19    Int: 11    God:
Gold:   47         SH:  0    Dex: 17    Spells: 2/2 levels left

rFire   . . .        a - +0 short sword
rCold   . . .        d - orb {light}
rNeg    . . .        b - +0 robe
rPois   .            (helmet restricted)
rElec   .            (no cloak)
rCorr   .            (gloves unavailable)
SInv    +            (boots unavailable)
Will    .....        (no amulet)
Stlth   +            (no ring)
HPRegen 0.23/turn    (no ring)
MPRegen 0.09/turn

%: no passive effects
@: slowed, glowing, quick
A: very small, no large weapons, unfitting armour, see invisible, speed 3
a: no special abilities


You were on level 3 of the Dungeon.
You visited 1 branch of the dungeon, and saw 3 of its levels.

You collected 127 gold pieces.
You spent 80 gold pieces at shops.

Inventory:

Hand Weapons
 a - a +0 short sword (weapon)
Armour
 b - a +0 robe (worn)
 d - an orb of light (worn)
Jewellery
 m - a ring of fire
Talismans
 k - a blade talisman
Scrolls
 f - a scroll of noise {unknown}
 g - a scroll of teleportation
 j - 2 scrolls of identify {unknown}
 l - a scroll of fog
 o - a scroll of immolation {unknown}
Potions
 c - a potion of ambrosia
 e - 3 potions of curing
 h - 2 potions of might {unknown}
 i - a potion of lignification {unknown}
 n - 2 potions of heal wounds {unknown}
 p - a potion of berserk rage
 q - a potion of attraction {unknown}


   Skills:
 + Level 2.8 Fighting
 + Level 4.0 Short Blades
 + Level 4.4 Dodging
 * Level 2.1 Stealth


You had 2 spell levels left.
You didn't know any spells.
Your spell library contained the following spells:

 Spells                   Type           Power      Damage    Failure   Level
 Petrify                  Alch/Erth      0%         N/A       98%         4
 Alistair's Intoxication  Alch           0%         N/A       100%        5
 Fire Storm               Conj/Fire      0%         5d1       100%        9


Dungeon Overview and Level Annotations

Branches:
Dungeon (3/15)

Altars:
Zin

Shops:
D:3 !

Annotations:
D:3 Natasha


Innate Abilities, Weirdness & Mutations

You are very small and have problems with some larger weapons.
You are too small for most types of armour.
You have supernaturally acute eyesight. (SInv)
You cover ground extremely quickly. (Speed+++)


Message History

Found a scroll labelled RYUVONL SUTHON.
Natasha closely misses you.
You hit Natasha.
Natasha is lightly wounded.
Natasha closely misses you.
You hit Natasha.
Natasha is lightly wounded.
Natasha misses you.
You hit Natasha but do no damage.
Natasha is lightly wounded.
You hit Natasha.
Natasha is moderately wounded.
Natasha barely misses you.
You hit Natasha.
Natasha is moderately wounded.
Natasha closely misses you.
You hit Natasha but do no damage.
Natasha is moderately wounded.
Natasha barely misses you.
You hit Natasha.
Natasha is heavily wounded.
Natasha casts a spell at you.
You feel yourself slow down.
You closely miss Natasha.
Natasha is heavily wounded.
Natasha stares at you and mumbles some strange words.
The magic dart hits you.
You hit Natasha.
Natasha is heavily wounded.
Natasha closely misses you.
You barely miss Natasha.
Natasha is heavily wounded.
Natasha growls.
Natasha stares at you and mumbles some strange words.
The magic dart hits you!
You hit Natasha.
Natasha is severely wounded.
Natasha claws you!
You die...
Natasha begins licking her fur clean.

... ....# .....# .?....
....#.#### .........
#...h# ..# #.@#### ..#
##....# ...# #.##......#
#..####...### ###
##..........# ... ..##
###.)....... #.#
#..######........# #.#
#.........###..#..
###.###.#######.###..#..


You could see Natasha.

Vanquished Creatures
  A dart slug (D:1)
  A ball python (D:1)
  5 endoplasms
  A giant cockroach (D:3)
  2 goblins (D:2)
  4 hobgoblins
  4 quokkas
  A bat (D:1)
  4 frilled lizards (D:1)
  4 kobolds
  21 rats
48 creatures vanquished.

Notes
Turn   | Place    | Note
-------+----------+-------------------------------------------
     0 | D:1      | Minsecho the Spriggan Monk began the quest for the Orb.
     0 | D:1      | Reached XP level 1. HP: 11/11 MP: 2/2
    88 | D:1      | Reached skill level 1 in Stealth
    88 | D:1      | Reached XP level 2. HP: 15/16 MP: 3/3
  1207 | D:2      | Reached XP level 3. HP: 19/19 MP: 4/4
  1639 | D:3      | Found Nigg's Distillery.
  1647 | D:3      | Bought a potion of curing for 30 gold pieces
  1647 | D:3      | Bought a potion of berserk rage for 50 gold pieces
  1665 | D:3      | Got Hoed's Monograph on the Caustic Volcano
  1672 | D:3      | Found a glowing silver altar of Zin.
  1748 | D:3      | Noticed Natasha
  1763 | D:3      | Slain by Natasha

Illustrated notes

Levels and vault maps discovered:
D:1:      scummos_arrival_simple_crosswalls, layout_basic,
          minmay_misc_feat_plants
D:2:      layout_basic, minmay_misc_feat_secret_circle, minmay_rat_hole
D:3:      layout_rooms, mainiacjoe_overflow_boulevard,
          mainiacjoe_overflow_catwalk, portal_sewer_entry_b, serial_shops,
          nicolae_shop_gibbet_a_chance, uniq_natasha

Skill      XL: |  1  2  3 |
---------------+----------+-----
Stealth        | 1 2 |  2.1
Short Blades   | 4 |  4.0
Fighting       | |  2.8
Dodging        | |  4.4

Action                     || total
---------------------------++-------
  Melee: Short sword       ||   155
    Use: Scroll            ||     2
   Stab: Sleeping          ||     1
 Armour: Robe              ||    24
  Dodge: Dodged            ||    83
